 Dungeon Crawl Stone Soup version 0.22.1 (webtiles) character file.

595 Grim the Reanimator (level 7, -2/46 HPs)
             Began as a Demonspawn Necromancer on Sept 17, 2018.
             Slain by a large abomination (9 damage)
             ... on level 1 of the Abyss.
             The game lasted 00:17:05 (6655 turns).

Grim the Reanimator (Demonspawn Necromancer)        Turns: 6655, Time: 00:17:05

Health: -2/46      AC:  4    Str: 10    XL:     7   Next: 16%
Magic:  0/19       EV: 12    Int: 21    God:
Gold:   154        SH:  0    Dex: 13    Spells: 4/10 levels left

rFire    . . .     SeeInvis .     - Unarmed
rCold    . . .     Gourm    .   (no shield)
rNeg     . . .     Faith    .   a - +0 robe
rPois    .         Spirit   +   (helmet restricted)
rElec    .         Reflect  .   k - +0 cloak
rCorr    .         Harm     .   (no gloves)
MR       .....                  w - +0 pair of boots
Stlth    ++........             m - amulet of guardian spirit
HPRegen  0.15/turn              y - ring of magical power
MPRegen  0.16/turn              v - +4 ring of intelligence

@: no status effects
A: claws 1, horns 2, talons 1
a: no special abilities


You were on level 1 of the Abyss.
You were very hungry.

You visited 1 branch of the dungeon, and saw 5 of its levels.
You visited the Abyss 1 time.

You collected 222 gold pieces.
You spent 68 gold pieces at shops.

Inventory:

Hand Weapons
 B - a +0 quarterstaff
Missiles
 q - 104 stones (quivered)
Armour
 a - a +0 robe (worn)
 k - a +0 cloak (worn)
 w - a +0 pair of boots (worn)
Jewellery
 m - an amulet of guardian spirit (around neck)
 n - an uncursed ring of flight
 s - an uncursed amulet of faith
 v - a +4 ring of intelligence (right claw)
 y - a ring of magical power (left claw)
Wands
 u - a wand of digging (14)
 x - a wand of random effects (29)
 A - a wand of enslavement (14)
Scrolls
 d - 2 scrolls of immolation
 e - a scroll of amnesia {unknown}
 f - 2 scrolls of magic mapping {unknown}
 h - a scroll of teleportation
 i - a scroll of fear {unknown}
 l - 2 scrolls of identify {unknown}
 o - a scroll of random uselessness {unknown}
 p - a scroll of enchant weapon {unknown}
 t - a scroll of noise {unknown}
Potions
 b - 4 potions of curing {unknown}
 g - 2 potions of brilliance {unknown}
 j - a potion of degeneration {unknown}
 r - a potion of invisibility {unknown}
 z - a potion of mutation {unknown}
Comestibles
 c - 7 rations


   Skills:
 + Level 0.1 Staves
 - Level 1.7 Dodging
 - Level 1.7 Stealth
 - Level 3.5 Unarmed Combat
 - Level 2.0 Spellcasting
 * Level 8.4 Necromancy


You had 4 spell levels left.
You knew the following spells:

 Your Spells              Type           Power        Failure   Level  Hunger
a - Pain                  Necr           ####         1%          1    #......
b - Animate Skeleton      Necr           N/A          1%          1    #......
c - Animate Dead          Necr           N/A          4%          4    #####..

Your spell library contained the following spells:

 Spells                   Type           Power        Failure   Level  Hunger
 Vampiric Draining        Necr           #####.....   1%          3    ###....
 Regeneration             Chrm/Necr      ###.......   8%          3    ###....


Dungeon Overview and Level Annotations

Branches:
Dungeon (5/15)
 Temple: D:4-7

Altars:
Yredelemnul
Zin

Shops:
D:5 (

Annotations:
D:5 Edmund


Innate Abilities, Weirdness & Mutations

You have sharp fingernails.
You have a pair of horns on your head.
You have sharp toenails.


Message History

Found a scimitar.
The starcursed mass engulfs you!
A ynoxinul comes into view.
The ynoxinul moves out of view.
A large abomination comes into view.
The sky beast flickers out of sight!
Deactivating autopickup; reactivate with Ctrl-A.
A starcursed mass splits.
A starcursed mass splits.
The starcursed mass engulfs you!
* * * LOW HITPOINT WARNING * * *
The iron imp shouts!
A sky beast appears from thin air!
Reactivating autopickup.
The ynoxinul gestures.
The iron imp hits you but does no damage.
The sky beast flickers out of sight!
Deactivating autopickup; reactivate with Ctrl-A.
The iron imp barely misses you. The large abomination hits you!
You die...

..... ..... ...... .....
....... ...... ... #.....
....# ...###...###...##
....#.....#.....#.
.............X.......
........5.5.X@....... ..
..........5..5....... ..
#.....#.3XX.#.....#.
..###...###...###...##
....#.....#XXX..#.....#
.......X..XX.X..........
.. .......XX{...........
...........ยง{...........
....#.....#...).#....


You could see 9 starcursed masses, 3 large abominations, a ynoxinul, an iron imp
and 3 ufetubi.

Vanquished Creatures
  A howler monkey (D:4)
  A hound (D:4)
  A jelly (D:4)
  3 orc wizards
  Jessica (D:3)
  Natasha (twice) (D:3)
  4 worker ants
  3 gnolls (D:3)
  15 adders
  A worm (D:3)
  2 dart slugs
  2 leopard geckos
  6 orcs
  2 ball pythons (D:2)
  4 giant cockroaches
  7 goblins
  5 hobgoblins
  10 jackals
  2 quokkas
  6 bats
  2 frilled lizards (D:1)
  5 kobolds
  9 rats
  A spectral orc (D:4)
95 creatures vanquished.

Notes
Turn   | Place    | Note
-------+----------+-------------------------------------------
     0 | D:1      | Grim the Demonspawn Necromancer began the quest for the
                  | Orb.
     0 | D:1      | Reached XP level 1. HP: 13/13 MP: 3/3
   251 | D:1      | Gained mutation: You have sharp fingernails. [demonic
                  | ancestry]
   251 | D:1      | Reached XP level 2. HP: 17/19 MP: 1/5
   350 | D:1      | Reached skill level 5 in Necromancy
  1427 | D:2      | Reached XP level 3. HP: 22/24 MP: 3/6
  1559 | D:2      | Reached skill level 1 in Unarmed Combat
  1755 | D:2      | Learned a level 1 spell: Animate Skeleton
  1924 | D:2      | Reached XP level 4. HP: 18/30 MP: 1/7
  2236 | D:2      | Reached skill level 6 in Necromancy
  3080 | D:3      | Noticed Natasha
  3088 | D:3      | Killed Natasha
  3124 | D:3      | Noticed Jessica
  3126 | D:3      | Gained mutation: You have a pair of small horns on your
                  | head. [demonic ancestry]
  3126 | D:3      | Reached XP level 5. HP: 32/35 MP: 3/8
  3133 | D:3      | Killed Jessica
  3720 | D:3      | Learned a level 4 spell: Animate Dead
  3922 | D:3      | Reached skill level 7 in Necromancy
  4153 | D:3      | Found a glowing silver altar of Zin.
  4248 | D:3      | Noticed Natasha
  4492 | D:3      | Killed Natasha
  4555 | D:3      | Gained mutation: You have a pair of horns on your head.
                  | [demonic ancestry]
  4555 | D:3      | Reached XP level 6. HP: 39/41 MP: 6/9
  5560 | D:4      | Reached skill level 8 in Necromancy
  5840 | D:4      | Gained mutation: You have sharp toenails. [demonic
                  | ancestry]
  5840 | D:4      | Reached XP level 7. HP: 43/46 MP: 10/10
  5965 | D:4      | Found a basalt altar of Yredelemnul.
  6003 | D:5      | Entered Level 5 of the Dungeon
  6003 | D:5      | Found Lupt's Antique Weapon Shop.
  6153 | D:5      | Bought a quarterstaff for 68 gold pieces
  6593 | D:5      | Noticed Edmund
  6607 | D:5      | Cast into level 1 of the Abyss (Edmund)
  6621 | Abyss:1  | Noticed a large abomination
  6641 | Abyss:1  | Noticed a starcursed mass
  6650 | Abyss:1  | Noticed a ynoxinul
  6655 | Abyss:1  | Slain by a large abomination

Skill      XL: |  1  2  3  4  5  6 |
---------------+-------------------+-----
Necromancy     | 5 6 7 8 |  8.4
Unarmed Combat | 1 2 3 |  3.5
Staves         | |  0.1
Dodging        | |  1.7
Stealth        | |  1.7
Spellcasting   | |  2.0

Action                   |  1- 3 |  4- 6 |  7- 9 || total
-------------------------+-------+-------+-------++-------
Melee: Unarmed           |     5 |    24 |    12 ||    41
       Headbutt          |       |     1 |     4 ||     5
Throw: Stone             |       |    28 |       ||    28
 Cast: Pain              |    65 |   117 |    17 ||   199
       Animate Dead      |       |     1 |       ||     1
  Use: Scroll            |       |     5 |       ||     5
 Stab: Sleeping          |       |       |     1 ||     1
  Eat: Chunk             |     3 |     6 |       ||     9
       Ration            |       |     3 |       ||     3
Armor: Robe              |     9 |     6 |     5 ||    20
Dodge: Dodged            |    33 |    36 |    25 ||    94
